 Dungeon Crawl Stone Soup version 0.31-a0-365-gcf821cafb2 (webtiles) character file.

Game seed: 13671188701910463806

709 Vomitron the Chiller (level 7, -2/48 HPs)
             Began as a Merfolk Ice Elementalist on July 27, 2023.
             Slain by Duvessa
             ... wielding a +0 short sword
              (12 damage)
             ... on level 4 of the Dungeon.
             The game lasted 00:11:09 (3097 turns).

Vomitron the Chiller (Merfolk Ice Elementalist)     Turns: 3097, Time: 00:11:09

Health: -2/48      AC:  4    Str: 14    XL:     7   Next: 68%
Magic:  7/12       EV: 14    Int: 17    God:
Gold:   137        SH:  0    Dex: 14    Spells: 9/13 levels left

rFire   . . .        o - +0 spear (spect)
rCold   . . .        d - orb {light}
rNeg    . . .        a - +0 robe
rPois   .            r - +0 helmet
rElec   .            (no cloak)
rCorr   .            s - +0 pair of gloves
SInv    .            (no boots)
Will    .....        (no amulet)
Stlth   +            f - +6 ring of strength
HPRegen 0.28/turn    (no ring)
MPRegen 0.13/turn

%: no passive effects
@: freezing walls, glowing
A: (nimble swimmer 2), mertail
a: no special abilities


You were on level 4 of the Dungeon.
You visited 1 branch of the dungeon, and saw 4 of its levels.

You collected 137 gold pieces.

Inventory:

Hand Weapons
 l - a +0 hand axe
 m - a +1 flail of draining
 o - a +0 spectral spear (weapon)
Armour
 a - a +0 robe (worn)
 d - an orb of light (worn)
 q - a +0 scale mail of fire resistance
 r - a +0 helmet (worn)
 s - a +0 pair of gloves (worn)
 u - an orb of mayhem
Jewellery
 f - a +6 ring of strength (left hand)
Wands
 h - a wand of flame (8)
 x - a wand of digging (6)
Scrolls
 c - 4 scrolls of teleportation
 j - a scroll of poison
 v - a scroll of identify
 w - a scroll of blinking {unknown}
Potions
 b - a potion of magic
 e - a potion of brilliance {unknown}
 g - a potion of cancellation {unknown}
 i - a potion of mutation
 k - 2 potions of might
 n - a potion of attraction
 p - 2 potions of curing {unknown}
 t - a potion of lignification {unknown}


   Skills:
 - Level 1.5 Fighting
 + Level 3.9 Polearms
 + Level 5.3 Dodging
 - Level 2.2 Stealth
 + Level 3.8 Spellcasting
 * Level 7.2 Ice Magic


You had 9 spell levels left.
You knew the following spells:

 Your Spells              Type           Power      Damage    Failure   Level
a - Freeze                Ice            100%       1d10      1%          1
b - Frozen Ramparts       Ice            54%        1d9       2%          3

Your spell library contained the following spells:

 Spells                   Type           Power      Damage    Failure   Level
 Ozocubu's Armour         Ice            27%        N/A       2%          3
 Magic Dart               Conj           12%        1d3       16%         1
 Call Imp                 Summ           6%         N/A       24%         2
 Summon Ice Beast         Ice/Summ       15%        N/A       34%         4
 Dazzling Flash           Conj/Hex       6%         N/A       43%         3
 Inner Flame              Hex/Fire       3%         N/A       43%         3
 Mephitic Cloud           Conj/Pois/Air  3%         N/A       43%         3
 Flame Wave               Conj/Fire      3%         2d5       85%         4
 Sticky Flame             Conj/Fire      3%         2d3       85%         4
 Agony                    Necr           3%         N/A       99%         5
 Silence                  Hex/Air        1%         N/A       99%         5
 Summon Forest            Summ/Tloc      1%         N/A       99%         5
 Eringya's Noxious Bog    Tmut/Pois      1%         4d6       100%        6
 Summon Hydra             Summ           1%         N/A       100%        7


Dungeon Overview and Level Annotations

Branches:
Dungeon (4/15)
 Temple: D:4-7

Altars:
Xom

Annotations:
D:4 Duvessa


Innate Abilities, Weirdness & Mutations

((You are very nimble when in or above water. (Stealth+, EV+, Speed+++)))
Your lower body shifts to a powerful aquatic tail in water.


Message History

Your +0 spectral spear hits Duvessa.
The wall freezes Duvessa.
Duvessa hits you but does no damage.
You hit Duvessa but do no damage.
Duvessa is heavily wounded.
Your +0 spectral spear hits Duvessa but does no damage.
The wall freezes Duvessa.
Duvessa hits you with a +0 short sword.
The wall freezes Duvessa.
Duvessa misses you.
Unknown command.
You hit Duvessa.
Duvessa is severely wounded.
Your +0 spectral spear hits Duvessa but does no damage.
The wall freezes Duvessa but does no damage.
Duvessa barely misses your +0 spectral spear.
Unknown command.
You barely miss Duvessa.
Duvessa is severely wounded.
Your +0 spectral spear hits Duvessa but does no damage.
The frozen ramparts melt away.
Duvessa misses you.
Unknown command.
You hit Duvessa.
Duvessa is severely wounded.
Your +0 spectral spear hits Duvessa.
Duvessa misses you. Duvessa hits you with a +0 short sword!
Unknown command.
Casting: Frozen Ramparts (dangerous; 2% risk of failure)
Confirm with . or Enter, or press ? or * to list all spells.
Casting: Frozen Ramparts (dangerous; 2% risk of failure)
Press: ? - help, Dir - look around, f - activate This square is lit by a halo.
The walls around you are covered in ice.
Your +0 spectral spear disappears.
The wall freezes Duvessa.
Duvessa hits you with a +0 short sword!
* * * LOW HITPOINT WARNING * * *
Unknown command.
Unknown command.
You hit Duvessa but do no damage.
Duvessa is severely wounded.
Your +0 spectral spear hits Duvessa but does no damage.
The wall freezes Duvessa.
Duvessa hits you with a +0 short sword!
You die...

#....#.........#....)......h
##..##..####.### #.# #
###########.#######.##..##
#.......(.#...#.........
#.....)...#...'.........
#....†....#...#..##..#>.
#.........#...#...####
##..####e##..##...#
##..####@##..######
#......#(.....#
#<.....#......#
##..#####+##.## #### ###


You could see Duvessa (berserk) and a friendly +0 spectral spear.

Vanquished Creatures
  Grinder (D:3)
  Menkaure (D:4)
  A black bear (D:4)
  Dowan (D:4)
  2 orc wizards
  Robin (D:3)
  11 adders
  A worm (D:2)
  A dart slug (D:2)
  6 orcs
  8 ball pythons
  5 endoplasms
  A giant cockroach (D:2)
  14 goblins
  9 hobgoblins
  2 quokkas
  7 bats
  2 frilled lizards (D:2)
  5 kobolds
  11 rats
90 creatures vanquished.

Notes
Turn   | Place    | Note
-------+----------+-------------------------------------------
     0 | D:1      | Vomitron the Merfolk Ice Elementalist began the quest for
                  | the Orb.
     0 | D:1      | Reached XP level 1. HP: 13/13 MP: 3/3
   162 | D:1      | Reached XP level 2. HP: 20/20 MP: 0/5
   657 | D:2      | Identified the +0 chain mail "Eheirap" {rF+}
   702 | D:2      | Reached skill level 1 in Fighting
   702 | D:2      | Reached XP level 3. HP: 23/26 MP: 1/6
   709 | D:2      | Learned a level 3 spell: Frozen Ramparts
   881 | D:2      | Reached skill level 5 in Ice Magic
   905 | D:2      | Reached XP level 4. HP: 29/32 MP: 0/7
  1423 | D:3      | Noticed Grinder
  1555 | D:4      | Noticed Duvessa
  1556 | D:4      | Noticed Dowan
  1805 | D:3      | Reached skill level 1 in Polearms
  1805 | D:3      | Reached XP level 5. HP: 36/37 MP: 5/9
  1890 | D:3      | Killed Grinder
  1891 | D:3      | Reached skill level 6 in Ice Magic
  1891 | D:3      | Reached XP level 6. HP: 16/43 MP: 5/10
  2039 | D:3      | Noticed Robin
  2053 | D:3      | Killed Robin
  2400 | D:3      | Found a faded altar of an unknown god.
  2554 | D:4      | Noticed a black bear
  2743 | D:4      | Noticed Menkaure
  2751 | D:4      | Reached XP level 7. HP: 48/48 MP: 6/12
  2760 | D:4      | Killed Menkaure
  2761 | D:4      | Reached skill level 5 in Dodging
  2911 | D:4      | Found a shimmering altar of Xom.
  3036 | D:4      | Killed Dowan
  3037 | D:4      | Reached skill level 7 in Ice Magic
  3097 | D:4      | Slain by Duvessa

Illustrated notes

Levels and vault maps discovered:
D:1:      ncdulo_watergridlock, layout_rooms
D:2:      layout_basic, hangedman_decor_push, corexii_shack, st_stairs_4
D:3:      layout_rooms, chequers_ecumenical_altar_island,
          minmay_strange_pillars, uniq_robin, uniq_grinder
D:4:      layout_gridville, mainiacjoe_overflow_small_starburst,
          nemelex_dance_club_becter, uniq_menkaure, uniq_duvessa

Skill      XL: |  1  2  3  4  5  6  7 |
---------------+----------------------+-----
Dodging        | 3 4 5 |  5.3
Fighting       | 1 |  1.5
Ice Magic      | 5 6 7 |  7.2
Polearms       | 1 2 3 |  3.9
Spellcasting   | 3 |  3.8
Stealth        | |  2.2

Action                     |  1- 3 |  4- 6 |  7- 9 || total
---------------------------+-------+-------+-------++-------
  Melee: Unarmed           |    16 |       |       ||    16
         Flail             |    12 |     5 |       ||    17
         Spear             |       |   102 |    34 ||   136
   Cast: Freeze            |    29 |     9 |       ||    38
         Frozen Ramparts   |     1 |    10 |     4 ||    15
    Use: Scroll            |       |     8 |     1 ||     9
   Stab: Sleeping          |     1 |     1 |       ||     2
 Armour: Robe              |    12 |    19 |     3 ||    34
  Dodge: Dodged            |    41 |    63 |    14 ||   118

Table legend: (Time is in decaauts)
 A = Elapsed time spent in this place.
 B = Non-inter-level travel time spent in this place.
 C = Inter-level travel time spent in this place.
 D = Time resting spent in this place.
 E = Time spent auto-exploring this place.
 F = Levels seen in this place.
 G = Mean time per level.
                   A        B        C        D        E       F      G
               +--------+--------+--------+--------+--------+-----+--------+
         Total |   3091 |   2881 |    210 |    384 |   1760 |   4 |  772.8 |
       Dungeon |   3091 |   2881 |    210 |    384 |   1760 |   4 |  772.8 |
               +--------+--------+--------+--------+--------+-----+--------+

Top non-repeatable levels by time:
     D:2: 1074 daAuts
     D:3: 1032 daAuts
     D:1: 592 daAuts
     D:4: 391 daAuts
